 Dungeon Crawl Stone Soup version 0.31-a0-177-g4aa6249778 (webtiles) character file.

Game seed: 8270389925688980843

534 frimble the Ruffian (level 7, -1/45 HPs)
             Began as an Octopode Warper on June 18, 2023.
             Succumbed to a gnoll's poison
             ... on level 4 of the Dungeon.
             The game lasted 00:04:13 (3697 turns).

frimble the Ruffian (Octopode Warper)               Turns: 3697, Time: 00:04:14

Health: -1/45      AC:  1    Str: 12    XL:     7   Next: 25%
Magic:  10/10      EV: 14    Int: 16    God:
Gold:   102        SH:  0    Dex: 11    Spells: 8/10 levels left

rFire   . .          .
                       - Unarmed
rCold   . . .        (no shield)
rNeg    . . .        (helmet restricted)
rPois   .            k - amulet of regeneration
rElec   .            (no ring)
rCorr   .            (no ring)
SInv    .            (no ring)
Will    .....        (no ring)
Stlth   ++           (no ring)
HPRegen 1.07/turn    (no ring)
MPRegen 0.12/turn    (no ring)
                     (no ring)

%: no passive effects
@: lethally poisoned (-1 -> -11), weakened
A: almost no armour, amphibious, 8 rings, camouflage 1, gelatinous body 1,
(nimble swimmer 1), tentacles
a: no special abilities


You were on level 4 of the Dungeon.
You visited 1 branch of the dungeon, and saw 5 of its levels.

You collected 242 gold pieces.
You spent 140 gold pieces at shops.

Inventory:

Missiles
 b - 6 boomerangs of dispersal
 h - 3 boomerangs (quivered)
Jewellery
 k - an amulet of regeneration (around mantle)
Scrolls
 a - a scroll of blinking
Potions
 c - a potion of enlightenment
 d - a potion of mutation
 e - 2 potions of haste
 f - 2 potions of curing
 g - a potion of attraction
 i - 2 potions of heal wounds {unknown}
 j - a potion of brilliance {unknown}


   Skills:
 + Level 2.4 Fighting
 - Level 1.0 Throwing
 - Level 4.6 Dodging
 - Level 6.3 Unarmed Combat
 - Level 2.0 Spellcasting
 - Level 3.0 Translocations


You had 8 spell levels left.
You knew the following spells:

 Your Spells              Type           Power      Damage    Failure   Level
a - Blink                 Tloc           22%        N/A       9%          2

Your spell library contained the following spells:

 Spells                   Type           Power      Damage    Failure   Level
 Lesser Beckoning         Tloc           22%        N/A       9%          2
 Teleport Other           Tloc           11%        N/A       19%         3
 Vhi's Electric Charge    Tloc/Air       12%        N/A       32%         3
 Manifold Assault         Tloc           11%        N/A       52%         4


Dungeon Overview and Level Annotations

Branches:
Dungeon (5/15)
 Temple: D:4-7

Altars:

Shops:
D:1 !


Innate Abilities, Weirdness & Mutations

You cannot wear most types of armour.
You are amphibious.
You can wear up to eight rings at the same time.
Your skin changes colour to match your surroundings (Stealth+).
Your rubbery body absorbs attacks. (AC +1, EV +1)
((You are camouflaged when in or above water. (Stealth+)))
You have tentacles for arms and can constrict up to eight enemies at once.


Message History

You throw a boomerang. The boomerang barely misses the gnoll.
The boomerang hits the gnoll.
The gnoll is lightly wounded.
Throw: 3 boomerangs
Press: ? - help, Q - select action, (/) - cycle Shift-Dir - straight line, f/p - gnoll
Aim: a gnoll, wielding a +0 flail (moderately wounded, 60% to hit)
You throw a boomerang. The boomerang barely misses the gnoll.
The boomerang hits the gnoll.
The gnoll is moderately wounded.
You barely miss the gnoll. You grab the gnoll.
The gnoll is moderately wounded.
You constrict the gnoll. The gnoll completely misses you.
You tentacle-slap the gnoll. You squeeze the gnoll.
You kill the gnoll!
The gnoll bouda barks out a call to the hunt!
The gnoll picks up the pace!
You hear a shout! x2
A gnoll comes into view. It is wielding a +0 club.
The gnoll bouda gazes fiercely through you!
You feel your attacks grow feeble.
The gnoll shouts!
There is a stone staircase leading up here.
A gnoll comes into view. It is wielding a +0 whip.
The gnoll shouts!
The gnoll bouda barks out a call to the hunt!
The gnoll picks up the pace!
The gnoll hits you from afar with a +1 spear of venom.
The gnoll hits you from afar with a +1 spear of venom.
You are poisoned.
You feel sick.
A gnoll comes into view. It is wielding a +0 flail of draining.
The gnoll bouda hits you with a +0 club!
The gnoll hits you with a +1 spear of venom.
You are more poisoned.
There is a stone staircase leading up, spattered with blood here.
You feel very sick.
The gnoll bouda hits you with a +0 club!
* * * LOW HITPOINT WARNING * * *
You climb upwards.
You die...

#######
########
#......
#....g@###
#......
#.####.g.#
#...... #.#
#.#.# #......
#.# #.#.###
#...... #.#
#.#...#
####### #.#
#.###.#
###.## #.#
#.#
#######....#
#.# #.# ###
#.....'..†.#
#.#
#.####.######


You could see a gnoll bouda and a gnoll (swift).

Vanquished Creatures
  Menkaure (D:4)
  A scorpion (D:4)
  2 orc priests (D:4)
  Natasha (thrice) (D:4)
  An iguana (D:4)
  2 orc wizards (D:4)
  A gnoll (D:5)
  7 adders
  A worm (D:3)
  2 dart slugs
  4 orcs (D:4)
  5 bats
  7 endoplasms
  A giant cockroach (D:4)
  4 goblins
  5 hobgoblins
  7 kobolds
  3 quokkas
  7 ball pythons
  4 frilled lizards
  6 rats
74 creatures vanquished.

Notes
Turn   | Place    | Note
-------+----------+-------------------------------------------
     0 | D:1      | frimble the Octopode Warper began the quest for the Orb.
     0 | D:1      | Reached XP level 1. HP: 14/14 MP: 3/3
   150 | D:1      | Found Inguoli's Distillery.
   154 | D:1      | Reached XP level 2. HP: 17/19 MP: 5/5
   172 | D:1      | Reached skill level 3 in Unarmed Combat
   236 | D:1      | Bought a potion of degeneration for 14 gold pieces
   388 | D:1      | Reached XP level 3. HP: 10/24 MP: 6/6
   391 | D:1      | Learned a level 2 spell: Blink
  1290 | D:2      | Reached skill level 4 in Unarmed Combat
  1444 | D:2      | You fall into a shaft and drop 2 floors!
  1463 | D:3      | Reached XP level 4. HP: 26/29 MP: 7/7
  1820 | D:1      | Bought 2 potions of curing for 84 gold pieces
  1820 | D:1      | Bought a potion of attraction for 42 gold pieces
  2561 | D:4      | Reached skill level 5 in Unarmed Combat
  2561 | D:4      | Reached XP level 5. HP: 23/34 MP: 8/8
  2724 | D:4      | Noticed Natasha
  2728 | D:4      | Killed Natasha
  2805 | D:4      | Reached skill level 6 in Unarmed Combat
  2805 | D:4      | Reached XP level 6. HP: 19/39 MP: 9/9
  2926 | D:4      | Noticed Natasha
  2931 | D:4      | Killed Natasha
  3048 | D:4      | Noticed Natasha
  3054 | D:4      | Killed Natasha
  3301 | D:4      | Noticed Menkaure
  3311 | D:4      | Killed Menkaure
  3312 | D:4      | Reached XP level 7. HP: 25/45 MP: 10/10
  3670 | D:5      | Entered Level 5 of the Dungeon
  3697 | D:4      | Succumbed to a gnoll's poison

Illustrated notes

Levels and vault maps discovered:
D:1:      spicycebolla_arrival_clurvy, layout_loops_ring, serial_shops,
          nicolae_shop_pleasant_corner_grove
D:2:      layout_loops_corners
D:3:      layout_loops_ring
D:4:      layout_basic, kennysheep_nub, uniq_natasha, uniq_menkaure
D:5:      layout_cave_pools

Skill      XL: |  1  2  3  4  5  6 |
---------------+-------------------+-----
Unarmed Combat | 3 4 5 6 |  6.3
Dodging        | 4 |  4.6
Fighting       | |  2.4
Throwing       | |  1.0
Spellcasting   | |  2.0
Translocations | |  3.0

Action                     |  1- 3 |  4- 6 |  7- 9 || total
---------------------------+-------+-------+-------++-------
  Melee: Unarmed           |    77 |    93 |     6 ||   176
         Constrict         |    14 |    22 |     2 ||    38
         Tentacles         |    13 |    23 |     3 ||    39
         Punch             |     3 |     8 |       ||    11
  Throw: Boomerang         |       |     3 |     4 ||     7
    Use: Scroll            |     2 |     5 |       ||     7
         Potion            |       |     1 |       ||     1
   Stab: Sleeping          |     3 |     7 |       ||    10
 Armour: Skin              |     3 |     2 |       ||     5
  Dodge: Dodged            |    47 |    35 |     3 ||    85

Table legend: (Time is in decaauts)
 A = Elapsed time spent in this place.
 B = Non-inter-level travel time spent in this place.
 C = Inter-level travel time spent in this place.
 D = Time resting spent in this place.
 E = Time spent auto-exploring this place.
 F = Levels seen in this place.
 G = Mean time per level.
                   A        B        C        D        E       F      G
               +--------+--------+--------+--------+--------+-----+--------+
         Total |   3665 |   3430 |    235 |      0 |   2947 |   5 |  733.0 |
       Dungeon |   3665 |   3430 |    235 |      0 |   2947 |   5 |  733.0 |
               +--------+--------+--------+--------+--------+-----+--------+

Top non-repeatable levels by time:
     D:4: 1172 daAuts
     D:2: 953 daAuts
     D:1: 769 daAuts
     D:3: 741 daAuts
     D:5: 27 daAuts
